 Dungeon Crawl Stone Soup version 0.26.0-7-g794d0892b4 (webtiles) character file.

Game seed: 5199942056844927946

3350 jackrogers the Carver (level 9, -3/70 HPs)
             Began as a Pale Draconian Berserker on Jan 11, 2021.
             Was a High Priest of Trog.
             Slain by a gnoll sergeant
             ... wielding a +0 spear
              (5 damage)
             ... on level 9 of the Dungeon.
             The game lasted 00:11:17 (11126 turns).

jackrogers the Carver (Pale Draconian Berserker)   Turns: 11126, Time: 00:11:18

Health: -3/70      AC:  9    Str: 24    XL:     9   Next: 72%
Magic:  9/9        EV: 13    Int:  7    God:    Trog [*****.]
Gold:   360        SH:  0    Dex: 16    Spells: 8/8 levels left

rFire    + . .     SeeInvis .   n - +1 long sword
rCold    . . .     Faith    .   (no shield)
rNeg     . . .     Spirit   .   (armour unavailable)
rPois    .         Reflect  .   (helmet restricted)
rElec    .         Harm     .   (no cloak)
rCorr    .         Rampage  .   b - +1 pair of gloves
Will     .....                  (no boots)
Stlth    +.........             (no amulet)
HPRegen  0.21/turn              j - +6 ring of dexterity
MPRegen  0.11/turn              D - ring of protection from fire {rF+, !d}

@: no status effects
A: breathe steam, unfitting armour, cold-blooded, AC +7
a: Breathe Steam, Renounce Religion, Berserk, Trog's Hand, Brothers in Arms


You were on level 9 of the Dungeon.
You worshipped Trog.
Trog was extremely pleased with you.
You visited 1 branch of the dungeon, and saw 9 of its levels.

You collected 360 gold pieces.

Inventory:

Hand Weapons
 a - a +0 falchion
 n - a +1 long sword (weapon)
   (You found it on level 3 of the Dungeon)
 x - a cursed +0 great sword
   (You took it off a wight on level 6 of the Dungeon)
Missiles
 d - 247 stones (quivered)
 e - 2 throwing nets {=f, !d}
Armour
 b - a +1 pair of gloves (worn)
   (You found it on level 1 of the Dungeon)
Jewellery
 f - an uncursed ring of see invisible {sInv, !d}
   (You found it on level 1 of the Dungeon)
 h - an uncursed ring of willpower
   (You found it on level 1 of the Dungeon)
 j - a +6 ring of dexterity (left hand)
   (You found it on level 2 of the Dungeon)
 t - an uncursed ring of willpower
   (You found it on level 3 of the Dungeon)
 D - a ring of protection from fire (right hand) {rF+, !d}
   (You found it on level 8 of the Dungeon)
 H - an uncursed ring of ice {unknown}
   (You found it on level 8 of the Dungeon)
Wands
 v - a wand of flame (15)
   (You found it on level 5 of the Dungeon)
 w - a wand of acid (17)
   (You found it on level 5 of the Dungeon)
 B - a wand of iceblast (21)
   (You found it on level 6 of the Dungeon)
Scrolls
 i - 3 scrolls of amnesia
 k - 2 scrolls of teleportation
 o - a scroll of magic mapping {!r}
 q - a scroll of holy word {!r}
 r - 3 scrolls of remove curse
 u - a scroll of fear
 z - 3 scrolls of enchant weapon
 C - a scroll of enchant armour
Potions
 c - 2 potions of mutation {!q}
 g - 2 potions of berserk rage {!q}
 l - a potion of degeneration {!q}
 m - 5 potions of flight
 p - 2 potions of might {unknown}
 s - a potion of attraction {!q}
 A - 2 potions of resistance
 E - a potion of cancellation {unknown}


   Skills:
 - Level 3.2 Fighting
 + Level 13.6 Long Blades
 - Level 2.6 Dodging


You had 8 spell levels left.
You didn't know any spells.
Your spell library was empty.

Dungeon Overview and Level Annotations

Branches:
Dungeon (9/15)             Temple (0/1) D:5             Orc (0/2) D:9
   Lair: D:8-11

Altars:
Cheibriados
Okawaru
Zin

Shops:
D:5 =   D:9 [

Annotations:
D:5 1 runed translucent door


Innate Abilities, Weirdness & Mutations

You can breathe blasts of scalding, opaque steam.
Your pale cyan-grey scales are hard. (AC +7)
You cannot fit into any form of body armour.
You are cold-blooded and may be slowed by cold attacks.


Message History

Found a stone staircase leading down.
There is an entrance to Cheibriados's Comfort Zone here.
An iguana comes into view.
The iguana moves out of view.
An orc priest and a centaur come into view.
The iguana hisses angrily.
The orc priest shouts!
The centaur shouts!
You hear a shout!
The centaur wields a +0 shortbow.
The centaur shoots an arrow.
The arrow hits you!
The orc priest casts a cantrip, but nothing happens.
An orc comes into view. It is wielding a +0 dagger.
An orc warrior comes into view. It is wielding a +0 trident.
You see here an arrow. 2 orcs come into view.
An orc is wielding a +0 hand axe and wearing a +2 leather armour of poison resistance.
The orc shouts! x2
The centaur shoots an arrow.
The arrow barely misses you.
An orc priest comes into view.
The centaur shoots an arrow.
The arrow closely misses you.
You see here a scroll of holy word {!r}.
Danger x4: centaur, orc priest x2, orc warrior (wandering)!
q - a scroll of holy word {!r} The centaur shoots an arrow.
The arrow hits you.
The orc priest invokes the aid of Beogh against you.
Beogh smites you!
Danger x4: centaur, orc priest x2, orc warrior!
Found an escape hatch in the floor.
Warning x2: The orc priest can smite you! x2
You slash the iguana!
You tail-slap the iguana, but do no damage.
The iguana bites you but does no damage.
You hit the iguana.
You kill the iguana!
Trog accepts your kill.
Trog will now gift you melee weapons as you gain piety.
Spoiler Alert: The orc priest can smite you!
An adder comes into view.
The adder moves out of view.
The orc hits you but does no damage.
Warning x2: The orc priest can smite you!
The orc warrior can hit for high damage!
The orc priest mumbles some strange prayers to Beogh against you.
Pain shoots through your body! The orc barely misses you.
The orc warrior hits you from afar with a +0 trident!
Warning x3: The orc priest can smite you! x2
The orc warrior can hit for high damage!
You barely miss the orc priest.
Your tail-slap misses the orc priest.
The orc priest barely misses you.
You riposte.
You hit the orc priest.
Warning x3: The orc priest can smite you! x2
The orc warrior can hit for high damage!
The adder hisses angrily.
You hit the orc priest.
You tail-slap the orc priest, but do no damage.
The orc warrior hits you from afar with a +0 trident.
The orc barely misses you.
The orc priest hits you but does no damage.
Warning x3: The orc priest can smite you! x2
The orc warrior can hit for high damage!
You barely miss the orc priest.
The orc warrior hits you from afar with a +0 trident!
* * * LOW HITPOINT WARNING * * *
The orc hits you but does no damage.
Danger x4: centaur, orc priest x2, orc warrior!
Really read
G - a scroll of blinking {!r}?
Blink to where?
As you read the scroll of blinking {!r}, it crumbles to dust.
A two-headed ogre and a skeleton come into view.
Warning x3: The orc priest can smite you! x2
The orc warrior can hit for high damage!
As you read the scroll of fog, it crumbles to dust.
The scroll dissolves into smoke.
Warning x3: The orc priest can smite you!
The centaur is fast and can hit for moderate damage at range!
The orc warrior can hit for high damage!
The two-headed ogre shouts in stereo!
You hear a shout!
A gnoll comes into view. It is wielding a +0 whip.
Okay, then.
As you read the scroll of teleportation, it crumbles to dust.
You feel strangely unstable.
The adder skeleton bites you but does no damage.
Spoiler Alert: The orc warrior can hit for high damage!
You hit the adder skeleton. You tail-slap the adder skeleton.
The adder skeleton barely misses you. The orc warrior barely misses you.
You hit the adder skeleton. The adder skeleton misses you.
You slash the adder skeleton!
You destroy the adder skeleton!
Trog accepts your kill.
Your surroundings suddenly seem different.
A white imp comes into view.
The white imp shouts, "Slither away, thou feckless tickle-brained zombie-fodder!"
A gnoll comes into view. It is wielding a +0 spear.
The gnoll shouts!
A gnoll and a gnoll sergeant come into view.
Spoiler Alert: The white imp can cast Throw Frost!
The gnoll barely misses you.
The gnoll sergeant hits you from afar with a +0 spear.
* * * LOW HITPOINT WARNING * * *
The gnoll shouts!
The white imp gestures at you. The puff of frost hits you.
* * * LOW HITPOINT WARNING * * *
Spoiler Alert: The white imp can cast Throw Frost!
The white imp shouts, "Away with thee, thou rank earth-vexing dingleberry!"
The white imp gestures at you. The puff of frost misses you.
The gnoll barely misses you.
The gnoll sergeant hits you from afar with a +0 spear.
You die...

*****##**** *,,,,...,,*
*,≈≈≈≈≈≈≈,** *,≈****#≈.,*
*,≈*,,,#≈..#####
*,≈,,∩,#≈...@..##
*,≈*,,,#≈....5..##
**,≈****#≈....gg..# **
*,,≈≈≈≈≈≈≈....g...# **,
*,,,,,.........g..# ****,,
*,,*,*##.......$..# **,,,,*
**,,,,............#
*##*,,****
*****###........####.,,,****,
*..........#..,**** *,,


You could see a gnoll sergeant, 3 gnolls and a white imp.

Vanquished Creatures
  A hornet (D:8)
  Eustachio (D:6)
  2 orc warriors (D:8)
  3 ice beasts
  4 sky beasts
  4 ogres
  A necrophage (D:5)
  2 centaurs (D:8)
  A phantom (D:5)
  2 big kobolds
  A water moccasin skeleton (D:6)
  3 scorpions
  3 wights (D:6)
  4 howler monkeys
  2 bullfrog skeletons
  4 jellies
  4 orc priests
  3 hounds
  3 orc wizards
  2 iguanas
  3 worker ants
  A hound zombie (D:9)
  A hound skeleton (D:5)
  2 worker ant zombies (D:8)
  Robin (D:2)
  8 adders
  6 gnolls (D:8)
  2 white imps
  2 ufetubi
  An ooze (D:1)
  An adder skeleton (D:9)
  A worm (D:2)
  2 dart slugs (D:2)
  5 leopard geckos
  14 orcs
  6 bats
  6 giant cockroaches
  14 goblins
  6 hobgoblins
  6 jackals
  7 quokkas
  3 ball pythons
  4 frilled lizards
  15 kobolds
  25 rats
192 creatures vanquished.

Notes
Turn   | Place    | Note
-------+----------+-------------------------------------------
     0 | D:1      | jackrogers the Draconian Berserker began the quest for the
                  | Orb.
     0 | D:1      | Reached XP level 1. HP: 19/19 MP: 1/1
    41 | D:1      | Reached XP level 2. HP: 18/26 MP: 2/2
   455 | D:1      | Reached skill level 4 in Long Blades
   495 | D:1      | Reached ** piety under Trog
   673 | D:1      | Reached XP level 3. HP: 31/31 MP: 3/3
  1376 | D:2      | Found an iron altar of Okawaru.
  2048 | D:2      | Reached XP level 4. HP: 38/38 MP: 4/4
  2063 | D:2      | Reached skill level 5 in Long Blades
  2294 | D:2      | Noticed Robin
  2318 | D:2      | Killed Robin
  2592 | D:3      | Reached *** piety under Trog
  3457 | D:3      | Reached XP level 5. HP: 40/45 MP: 5/5
  3650 | D:4      | Reached skill level 6 in Long Blades
  4183 | D:4      | Reached XP level 6. HP: 49/51 MP: 6/6
  4413 | D:5      | Entered Level 5 of the Dungeon
  4460 | D:5      | Reached skill level 7 in Long Blades
  4497 | D:5      | Found a runed translucent door.
  4498 | D:5      | Found a glowing silver altar of Zin.
  4498 | D:5      | Noticed an angel
  4678 | D:5      | Found a staircase to the Ecumenical Temple.
  4732 | D:5      | Reached skill level 8 in Long Blades
  4856 | D:5      | Your scales start taking on a pale cyan-grey colour.
  4856 | D:5      | Reached XP level 7. HP: 40/57 MP: 7/7
  5166 | D:5      | Found Cyss's Jewellery Emporium.
  5243 | D:5      | Reached **** piety under Trog
  5737 | D:6      | Reached skill level 9 in Long Blades
  5972 | D:6      | Noticed Eustachio
  6016 | D:6      | Reached XP level 8. HP: 63/63 MP: 8/8
  6147 | D:6      | Reached skill level 10 in Long Blades
  6746 | D:6      | Killed Eustachio
  7433 | D:7      | Reached skill level 11 in Long Blades
  9081 | D:8      | Reached XP level 9. HP: 70/70 MP: 9/9
  9137 | D:8      | Reached skill level 12 in Long Blades
  9328 | D:8      | Paralysed by a hornet for 1 turns
  9800 | D:8      | Reached skill level 13 in Long Blades
  9866 | D:8      | HP: 17/70 [poisoned by an orc]
  9871 | D:8      | HP: 16/70 [poisoned by an orc]
  9876 | D:8      | HP: 15/70 [poisoned by an orc]
  9884 | D:8      | HP: 14/70 [poisoned by an orc]
  9892 | D:8      | HP: 14/70 [poisoned by an orc]
 10046 | D:8      | HP: 13/70 [orc warrior/+0 hand axe (10)]
 10048 | D:8      | HP: 6/70 [orc warrior/+0 hand axe (7)]
 10054 | D:8      | HP: 11/70 [orc warrior/+0 hand axe (2)]
 11065 | D:9      | Found a staircase to the Orcish Mines.
 11091 | D:9      | Found Cheibriados's Comfort Zone.
 11093 | D:9      | Found a snail-covered altar of Cheibriados.
 11108 | D:9      | Reached ***** piety under Trog
 11115 | D:9      | HP: 9/70 [orc warrior/+0 trident (13)]
 11116 | D:9      | Noticed a two-headed ogre
 11124 | D:9      | HP: 5/70 [gnoll sergeant/+0 spear (6)]
 11125 | D:9      | HP: 2/70 [white imp/puff of frost (3)]
 11126 | D:9      | Slain by a gnoll sergeant

Illustrated notes

Levels and vault maps discovered:
D:1:      dpeg_arrival_court, layout_loops_ring, nrook_campfire
D:2:      minmay_angry_zag, layout_loops_corners, general_overflow_altar,
          dk_vineyard_1, minmay_rat_hole, uniq_robin
D:3:      layout_loops_corners
D:4:      layout_loops_corners
D:5:      layout_cave_pods, minmay_temple_entry_mini_moons, serial_shops, shop,
          lemuel_angel_altar
D:6:      layout_cave_pools, kennysheep_generic_room_6, uniq_eustachio
D:7:      layout_basic
D:8:      layout_basic, hex_tiny
D:9:      layout_rooms, orc_0_dummy, enter_bailey_3, minmay_shop_chei,
          corexii_corridor_pit

Skill      XL: |  1  2  3  4  5  6  7  8  9 |
---------------+----------------------------+-----
Long Blades    | 4 5 6 8 9 11 13 | 13.6
Fighting       | |  3.2
Dodging        | |  2.6

Action                   |  1- 3 |  4- 6 |  7- 9 || total
-------------------------+-------+-------+-------++-------
Melee: Falchion          |    91 |    48 |       ||   139
       Tailslap          |    19 |    36 |    71 ||   126
       Long sword        |       |    97 |   382 ||   479
Throw: Stone             |    21 |   101 |    95 ||   217
  Use: Scroll            |     2 |    10 |     9 ||    21
       Potion            |       |       |     2 ||     2
 Stab: Sleeping          |     1 |       |     1 ||     2
       Distracted        |       |       |     2 ||     2
Armor: Skin              |    25 |    39 |   136 ||   200
Dodge: Dodged            |    71 |    73 |   252 ||   396
       Rpst.: Falchion   |    19 |     5 |       ||    24
       Long sword        |       |    14 |    57 ||    71

Table legend: (Time is in decaauts)
 A = Elapsed time spent in this place.
 B = Non-inter-level travel time spent in this place.
 C = Inter-level travel time spent in this place.
 D = Time resting spent in this place.
 E = Time spent auto-exploring this place.
 F = Levels seen in this place.
 G = Mean time per level.
                   A        B        C        D        E       F      G
               +--------+--------+--------+--------+--------+-----+--------+
         Total |  11102 |  10581 |    521 |   2369 |   6873 |   9 | 1233.6 |
       Dungeon |  11102 |  10581 |    521 |   2369 |   6873 |   9 | 1233.6 |
               +--------+--------+--------+--------+--------+-----+--------+

Top non-repeatable levels by time:
     D:8: 2212 daAuts
     D:7: 1533 daAuts
     D:6: 1525 daAuts
     D:5: 1303 daAuts
     D:2: 1258 daAuts
     D:1: 1232 daAuts
     D:3: 1121 daAuts
     D:4: 828 daAuts
     D:9: 86 daAuts

Table legend:
 A = Kills in this place as a percentage of kills in entire the game.
 B = Kills by you in this place as a percentage of kills by you in the entire game.
 C = Kills by friends in this place as a percentage of kills by friends in the entire game.
 D = Other kills in this place as a percentage of other kills in the entire game.
 E = Experience gained in this place as a percentage of experience gained in the entire game.
 F = Experience gained in this place divided by the number of levels of this place that you have seen.
                   A       B       C       D       E      F
               +-------+-------+-------+-------+-------+----------------------
         Total | 100.0 | 100.0 |   N/A |   N/A | 100.0 | 531.8
       Dungeon | 100.0 | 100.0 |   N/A |   N/A | 100.0 | 531.8
               +-------+-------+-------+-------+-------+----------------------
